 Dungeon Crawl Stone Soup version 0.28-a0-381-g937acc2988 (webtiles) character file.

Game seed: 15863978323667542202

86 porpoise the Conjurer (level 4, -4/24 HPs)
             Began as a Deep Elf Conjurer on Sept 1, 2021.
             Slain by a goblin (6 damage)
             ... led by Robin
             ... on level 2 of the Dungeon.
             The game lasted 00:08:25 (2017 turns).

porpoise the Conjurer (Deep Elf Conjurer)           Turns: 2017, Time: 00:08:26

Health: -4/24      AC:  2    Str:  4    XL:     4   Next: 26%
Magic:  11/13      EV: 12    Int: 24    God:
Gold:   71         SH:  0    Dex: 13    Spells: 10/13 levels left

rFire   . . .      SeeInvis .   a - +1 dagger (protect)
rCold   . . .      Faith    .   (no shield)
rNeg    . . .      Spirit   .   k - +0 robe
rPois   .          Reflect  .   (no helmet)
rElec   .          Harm     .   (no cloak)
rCorr   .          Rampage  .   (no gloves)
Will    .....                   (no boots)
Stlth   ++........              (no amulet)
HPRegen 0.08/turn               (no ring)
MPRegen 0.13/turn               (no ring)

@: no status effects
A: no striking features
a: no special abilities


You were on level 2 of the Dungeon.
You visited 1 branch of the dungeon, and saw 2 of its levels.

You collected 101 gold pieces.
You spent 30 gold pieces at shops.

Inventory:

Hand Weapons
 a - a +1 dagger of protection (weapon)
Missiles
 c - 104 stones (quivered)
 e - 20 arrows
Armour
 k - a +0 robe (worn)
 l - a +2 ring mail of fire resistance
 n - a +0 pair of gloves
Scrolls
 b - a scroll of magic mapping {unknown}
 d - 2 scrolls of noise {unknown}
 f - a scroll of immolation {unknown}
 g - a scroll of enchant armour {unknown}
 i - 2 scrolls of vulnerability {unknown}
Potions
 h - a potion of haste {unknown}
 j - a potion of heal wounds {unknown}


   Skills:
 + Level 0.7 Fighting
 + Level 2.9 Dodging
 - Level 2.4 Stealth
 - Level 5.0 Spellcasting
 - Level 5.0 Conjurations


You had 10 spell levels left.
You knew the following spells:

 Your Spells              Type           Power      Damage    Failure   Level
a - Magic Dart            Conj           100%       1d8       1%          1
b - Searing Ray           Conj           60%        3d5       1%          2

Your spell library contained the following spells:

 Spells                   Type           Power      Damage    Failure   Level
 Dazzling Flash           Conj/Hex       36%        N/A       10%         3
 Fulminant Prism          Conj/Hex       9%         3d7       30%         4
 Iskenderun's Mystic Bla  Conj/Tloc      18%        2d6       30%         4


Dungeon Overview and Level Annotations

Branches:
Dungeon (2/15)

Altars:

Shops:
D:2 *


Message History

Press: ? - help, Q - select action, (/) - cycle Shift-Dir - straight line, f - goblin, p - Robin
Aim: a goblin, wielding a +0 club (strong, 47% to hit)
You throw a javelin. The javelin barely misses Robin.
The javelin pierces through the goblin.
The goblin is heavily wounded.
The javelin closely misses the goblin.
The javelin barely misses the goblin.
Robin throws the goblin at you!
A goblin comes into view. It is wielding a +0 dagger.
The goblin hits you with a +0 dagger.
Throw: 105 stones
Press: ? - help, Q - select action, (/) - cycle Shift-Dir - straight line, f - goblin, p - goblin
Aim: a goblin, wielding a +0 dagger (wandering, strong, hasn't noticed you, 47% to hit)
You throw a stone. The stone barely misses Robin.
The stone completely misses the goblin.
The stone closely misses the goblin. x2
The goblin shouts!
Robin hits you with a +1 mace of holy wrath!
A hobgoblin comes into view.
The goblin hits you with a +0 dagger.
* * * LOW HITPOINT WARNING * * *
Casting: Magic Dart (safe; 1% risk of failure)
Confirm with . or Enter, or press ? or * to list all spells.
Aiming: Searing Ray (safe; 1% risk of failure)
Press: ? - help, Shift-Dir - straight line, f - Robin, p - goblin
Aim: Robin, wielding a +1 mace of holy wrath, wearing a +0 animal skin and wearing a +0 helmet (almost dead, 85% to hit)
The searing ray hits Robin!
You kill Robin!
The searing ray hits the goblin!
You kill the goblin!
The searing ray hits the goblin!
You kill the goblin! (Press . to maintain the ray.)
A goblin comes into view. It is wielding a +0 dagger.
The goblin hits you with a +0 dagger.
* * * LOW HITPOINT WARNING * * *
The goblin hits you with a +0 dagger.
* * * LOW HITPOINT WARNING * * *
The goblin hits you with a +0 dagger.
You die...

..(.. ...........#.#
.#)####.#.##'####.#
)g.............#..
#g####.#.##.####.# #
#g# #.#.##.# #.. #.#)#
#.#.##.####.#
#.#.####...).......#
#...g..............#
###@###..#.##.#.####
#.................
##.###....##.##.###
...................
####..........##.#.8
####.............##.###
.......................
##.####.##.##.....#.#.#
#.##.##.#...#.#..


You could see a hobgoblin (strong) and 3 goblins.

Vanquished Creatures
  Jessica (D:2)
  Robin (D:2)
  3 dart slugs
  5 ball pythons
  5 bats
  3 endoplasms
  A giant cockroach (D:2)
  8 goblins
  3 hobgoblins
  3 jackals (D:2)
  A quokka (D:2)
  3 frilled lizards (D:2)
  A kobold (D:2)
38 creatures vanquished.

Notes
Turn   | Place    | Note
-------+----------+-------------------------------------------
     0 | D:1      | porpoise the Deep Elf Conjurer began the quest for the Orb.
     0 | D:1      | Reached XP level 1. HP: 10/10 MP: 6/6
   336 | D:1      | Reached XP level 2. HP: 15/15 MP: 5/8
   719 | D:1      | Learned a level 2 spell: Searing Ray
  1405 | D:2      | Noticed Jessica
  1411 | D:2      | Killed Jessica
  1412 | D:2      | Reached skill level 5 in Conjurations
  1412 | D:2      | Reached XP level 3. HP: 19/19 MP: 6/11
  1533 | D:2      | Found Lihiempe's Assorted Antiques.
  1541 | D:2      | Bought a scroll labelled BUGGOI KUERUH for 30 gold pieces
  1717 | D:2      | Reached skill level 5 in Spellcasting
  1974 | D:2      | Reached XP level 4. HP: 24/24 MP: 10/13
  2006 | D:2      | Noticed Robin
  2015 | D:2      | Killed Robin
  2017 | D:2      | Slain by a goblin

Illustrated notes

Levels and vault maps discovered:
D:1:      mrwooster_arrival_arrow, layout_basic, serial_rivers,
          chequers_serial_rivers_small_3, chequers_serial_rivers_small_3,
          chequers_serial_rivers_small_b, chequers_serial_rivers_room_b,
          chequers_serial_rivers_small_3, minmay_domino_4
D:2:      layout_basic, serial_shops, nicolae_shop_statue_plus,
          minmay_shallow_snake_nest, uniq_jessica, uniq_robin

Skill      XL: |  1  2  3 |
---------------+----------+-----
Spellcasting   | 4 5 |  5.0
Conjurations   | 5 |  5.0
Fighting       | |  0.7
Dodging        | |  2.9
Stealth        | |  2.4

Action                   |  1- 3 |  4- 6 || total
-------------------------+-------+-------++-------
Melee: Dagger            |    14 |       ||    14
Throw: Javelin           |       |     4 ||     4
       Stone             |       |     1 ||     1
 Cast: Magic Dart        |    31 |     1 ||    32
       Searing Ray       |     5 |     1 ||     6
 Stab: Sleeping          |     1 |       ||     1
Armor: Robe              |     5 |     3 ||     8
Dodge: Dodged            |    13 |       ||    13

Table legend: (Time is in decaauts)
 A = Elapsed time spent in this place.
 B = Non-inter-level travel time spent in this place.
 C = Inter-level travel time spent in this place.
 D = Time resting spent in this place.
 E = Time spent auto-exploring this place.
 F = Levels seen in this place.
 G = Mean time per level.
                   A        B        C        D        E       F      G
               +--------+--------+--------+--------+--------+-----+--------+
         Total |   2024 |   2009 |     15 |    714 |   1054 |   2 | 1012.0 |
       Dungeon |   2024 |   2009 |     15 |    714 |   1054 |   2 | 1012.0 |
               +--------+--------+--------+--------+--------+-----+--------+

Top non-repeatable levels by time:
     D:1: 1119 daAuts
     D:2: 905 daAuts
